Kradschützen Motorcycle Team
Construct Light Support Kompanie
Panzerjäger Mechanized Group
Pak 38 Anti-tank Gun Team
Construct Mechanized Kompanie
254 Reconnaissance Tractor
Selects Italian Combined Arms Battlegroup
Selects Semovente da 75/18 Assault Gun
Selects Bersaglieri Squad
Selects Vehicle Support - Secure Location
Selects Vehicle Support - Force Recon
Construct Panzerarmee Kommand
Marder III Tank Destroyer
Marder III Tank Destroyer
Marder III Tank Destroyer
Marder III Tank Destroyer